 Dungeon Crawl Stone Soup version 0.23-a0-386-g9c9d49f (webtiles) character file.

18 Amnesiac the Shooter (level 2, 0/24 HPs)
             Began as a Centaur Hunter on Oct 28, 2018.
             Slain by a jackal (2 damage)
             ... on level 3 of the Dungeon.
             The game lasted 00:00:54 (141 turns).

Amnesiac the Shooter (Centaur Hunter)                Turns: 141, Time: 00:00:54

Health: 0/24       AC:  4    Str: 14    XL:     2   Next: 48%
Magic:  2/2        EV:  9    Int: 10    God:
Gold:   8          SH:  0    Dex:  9    Spells: 1/1 levels left

rFire    . . .     SeeInvis .   a - +1 shortbow
rCold    . . .     Gourm    .   (shield currently unavailable)
rNeg     . . .     Faith    .   c - +0 leather armour
rPois    .         Spirit   .   (no helmet)
rElec    .         Reflect  .   (no cloak)
rCorr    .         Harm     .   (no gloves)
MR       .....                  (no barding)
Stlth    +.........             (no amulet)
HPRegen  0.08/turn              (no ring)
MPRegen  0.08/turn              (no ring)

@: very quick
A: large, hooves 3, deformed body, speed 2, tough skin 3
a: no special abilities


You were on level 3 of the Dungeon.
You were not hungry.

You visited 1 branch of the dungeon, and saw 3 of its levels.

You collected 8 gold pieces.

Inventory:

Hand Weapons
 a - a +1 shortbow (weapon)
 b - a +0 short sword
Missiles
 d - 16 arrows (quivered)
Armour
 c - a +0 leather armour (worn)
Scrolls
 e - a scroll of identify {!r, unknown}
Potions
 g - a potion of flight {!q, unknown}
Comestibles
 f - 2 rations


   Skills:
 - Level 2.0 Fighting
 + Level 6.3 Bows
 - Level 1.3 Dodging
 - Level 0.4 Stealth


You had one spell level left.
You didn't know any spells.
Your spell library was empty.

Dungeon Overview and Level Annotations

Branches:
Dungeon (3/15)

Altars:

Annotations:
D:2 Sigmund


Innate Abilities, Weirdness & Mutations

You have hooves in place of feet.
Armour fits poorly on your strangely shaped body.
You cover ground very quickly.
You have extremely tough skin. (AC +3)


Message History

You shoot an arrow. The arrow barely misses Sigmund.
The quokka bites you.
* * * LOW HITPOINT WARNING * * *
Unknown command.
There is a stone staircase leading down here.
You climb downwards.
A bat and a jackal come into view.
The jackal barks!
There is a stone staircase leading up here.
A jackal comes into view.
The jackal barks!
The jackal pauses to sniff the ground.
The bat hits you but does no damage. The bat hits you but does no damage.
The bat hits you but does no damage.
Firing (i - inventory)
d - 20 arrows (quivered)
Press: ? - help, Shift-Dir - straight line, f - bat
Aim: a bat You shoot an arrow.
The arrow barely misses the bat.
The bat barely misses you. The bat hits you but does no damage.
Unknown command.
An adder comes into view.
The adder hisses angrily.
You hear a bark!
The bat hits you.
* * * LOW HITPOINT WARNING * * *
A jackal comes into view.
The bat barely misses you.
Found a stone staircase leading down.
Firing (i - inventory)
d - 19 arrows (quivered)
Press: ? - help, Shift-Dir - straight line, f/p - bat
Aim: a bat You shoot an arrow.
The arrow closely misses the bat.
The bat hits you but does no damage. x2
Unknown command.
Firing (i - inventory)
d - 18 arrows (quivered)
Press: ? - help, Shift-Dir - straight line, f/p - bat
Aim: a bat You shoot an arrow.
The arrow closely misses the bat.
The arrow hits the jackal!
You kill the jackal!
The bat barely misses you.
Unknown command.
Firing (i - inventory)
d - 17 arrows (quivered)
Press: ? - help, Shift-Dir - straight line, f/p - bat
Aim: a bat You shoot an arrow.
The arrow hits the bat!
You kill the bat!
Unknown command.
You start resting.
The adder is too close now for your liking.
The kobold shouts!
You hear a shout! x3
The jackal bites you but does no damage.
Things that are here:
an arrow; a bat corpse You see here an arrow.
There is a stone staircase leading up here.
The jackal barks!
A jackal comes into view.
The jackal barks!
The jackal bites you.
* * * LOW HITPOINT WARNING * * *
The jackal pauses to sniff the ground.
There is a stone staircase leading down here.
The jackal bites you.
You die...
KK.

### ######≈###
###≈≈≈≈≈≈≈≈#####
#####....≈≈≈≈≈≈≈≈...
......#...≈≈≈≈≈...#
#..##.#.......#
#.@h..#.....#
##...S...##(#####
#.###.h...((...# #.#
#.#h##.###.# #.#
#.#.##.# #.#
#.###+#.##.###.#
..##....##...<.##
...#....h.h.......
.# #....##h.##....


You could see an adder and 3 jackals.

Vanquished Creatures
  An adder (D:2)
  A dart slug (D:2)
  A jackal (D:3)
  A quokka (D:2)
  A bat (D:3)
  A frilled lizard (D:2)
  A kobold (D:2)
  A rat (D:2)
8 creatures vanquished.

Notes
Turn   | Place    | Note
-------+----------+-------------------------------------------
     0 | D:1      | Amnesiac the Centaur Hunter began the quest for the Orb.
     0 | D:1      | Reached XP level 1. HP: 17/17 MP: 1/1
    26 | D:2      | Reached skill level 6 in Bows
    26 | D:2      | Reached XP level 2. HP: 21/24 MP: 2/2
    68 | D:2      | Noticed Sigmund
   129 | D:3      | HP: 1/24 [jackal (3)]
   141 | D:3      | Slain by a jackal

Vault maps used:
D:1:      dpeg_arrival_refuge
D:2:      minmay_kobold_bridge, elyvilon_altar_3, uniq_sigmund
D:3:      cheibrodos_thug_alley, nicolae_overflow_hidden_temple, led_xom_imps,
          uniq_grinder, uniq_ijyb, uniq_natasha

Skill      XL: |  1 |
---------------+----+-----
Bows           | 6 |  6.3
Fighting       | |  2.0
Dodging        | |  1.3
Stealth        | |  0.4

Action                   || total
-------------------------++-------
 Fire: Shortbow          ||    23
Armor: Leather armour    ||     8
Dodge: Dodged            ||     6

Table legend:
 A = Non-vault XP
 B = Vault XP
 C = Vault XP percentage of total XP
 D = Non-vault monster count
 E = Vault monster count
 F = Vault count percentage of total count
                 A         B        C        D         E       F
            +---------+---------+-------+---------+---------+-------
      Total |      26 |       0 |   0.0 |       8 |       0 |   0.0
            +---------+---------+-------+---------+---------+-------
        D:2 |      23 |       0 |   0.0 |       6 |       0 |   0.0
        D:3 |       3 |       0 |   0.0 |       2 |       0 |   0.0
            +---------+---------+-------+---------+---------+-------
